[Event "Titled Tuesday Blitz July 6 2021"]
[White "Makhnev, Denis"]
[Black "Elgersma, Onno"]
[WhiteFideId "13707647"]
[BlackFideId "1053531"]
[WhiteElo "2537"]
[BlackElo "2481"]
[Result "1/2-1/2"]
[Round "05"]
[TimeControl "180+1"]
[Date "2021.07.06"]
[WhiteClock "0:00:21"]
[BlackClock "0:00:11"]

1. d3 d5 2. Nf3 Nf6 3. g3 e6 4. Bg2 Be7 5. Kf1 O-O 6. Kg1 c5 7. Nbd2 Nc6 8. h3 e5 9. Kh2 h6 10. e4 Be6 11. exd5 Nxd5 12. Re1 f6 13. c3 Qd7 14. Qc2 Rad8 15. Ne4 Rfe8 16. a3 Rc8 17. Rb1 Bf7 18. c4 Nc7 19. Bd2 Ne6 20. b4 Ned4 21. Nxd4 Nxd4 22. Qd1 b6 23. Nc3 Nc6 24. Nd5 Bf8 25. Be3 Kh8 26. Qa4 Be6 27. Qb5 Nd4 28. Qxd7 Bxd7 29. Bxd4 cxd4 30. a4 Bxa4 31. Ra1 b5 32. Be4 Red8 33. g4 Bb3 34. Rxa7 bxc4 35. Nb6 Rb8 36. Nxc4 Bxb4 37. Rb1 Bf8 38. Na5 Bg8 39. Rxb8 Rxb8 40. Nc6 Rc8 41. Kg3 Be6 42. h4 f5 43. gxf5 Bxf5 44. Nxe5 Bxe4 45. dxe4 Bd6 46. f4 Bxe5 47. fxe5 d3 48. Rd7 Rc3 49. Kf4 Kg8 50. e6 Kf8 51. Ke5 d2 52. Rxd2 Rc5+ 53. Rd5 Rc7 54. h5 Ke7 55. Rd7+ Rxd7 56. exd7 Kxd7 57. Kf5 Ke7 58. Kg6 Kf8 59. e5 Kg8 60. e6 Kf8 61. Kh7 Ke7 62. Kxg7 Kxe6 63. Kg6 Ke7 64. Kg7 Ke8 65. Kxh6 Kf7 66. Kh7 Kf8 67. h6 Kf7 68. Kh8 Kf8 69. h7 Kf7 1/2-1/2


[Site "https://www.chess.com"]

[Event "Titled Tuesday Blitz July 6 2021"]
[White "Malka, Samuel"]
[Black "Dang, Hoang Son"]
[WhiteFideId "20643675"]
[BlackFideId "12402435"]
[WhiteElo "2459"]
[BlackElo "2248"]
[Result "0-1"]
[Round "05"]
[TimeControl "180+1"]
[Date "2021.07.06"]
[WhiteClock "0:00:09"]
[BlackClock "0:02:04"]

1. d4 Nf6 2. c4 g6 3. Nc3 Bg7 4. e4 O-O 5. Bd3 d6 6. Nge2 e5 7. d5 Na6 8. f3 Nc5 9. Bc2 a5 10. Be3 Bd7 11. O-O b6 12. b3 h6 13. a3 Nh7 14. b4 Nb7 15. Ba4 f5 16. Bxd7 Qxd7 17. exf5 gxf5 18. Rb1 Qe7 19. Nb5 axb4 20. axb4 Rf7 21. Bf2 Raf8 22. f4 Nf6 23. fxe5 dxe5 24. Ng3 Qd7 25. Nh5 Ne4 26. Nxg7 Rxg7 27. Kh1 Nbd6 28. Nxd6 Qxd6 29. Qd3 Qg6 30. Bg3 f4 31. Rbe1 Nxg3+ 32. hxg3 Qxd3 0-1


[Site "https://www.chess.com"]

[Event "Titled Tuesday Blitz July 6 2021"]
[White "Maltsevskaya, Aleksandra"]
[Black "Julianos82"]
[WhiteFideId "24174041"]
[WhiteElo "2225"]
[BlackElo "2368"]
[Result "1-0"]
[Round "05"]
[TimeControl "180+1"]
[Date "2021.07.06"]
[WhiteClock "0:00:28"]
[BlackClock "0:00:15"]

1. c4 c6 2. e4 d5 3. exd5 cxd5 4. cxd5 Nf6 5. Nc3 Nxd5 6. d4 Nc6 7. Nf3 g6 8. Bc4 Nxc3 9. bxc3 Bg7 10. O-O O-O 11. Re1 Bg4 12. h3 Bxf3 13. Qxf3 e6 14. Ba3 Re8 15. Rab1 Qc7 16. Bb5 Rac8 17. Bc1 Re7 18. Bg5 Rd7 19. Ba4 a6 20. Bf4 Qa5 21. Bb3 Ne7 22. Rxe6 Qxc3 23. Re3 Qc6 24. Qe2 Bf6 25. Bh6 Rdc7 26. Re1 Qd7 27. Qf3 Qd6 28. Bf4 Qxd4 29. Bxc7 Rxc7 30. Rxe7 Rxe7 31. Rxe7 Qa1+ 32. Kh2 1-0


[Site "https://www.chess.com"]

[Event "Titled Tuesday Blitz July 6 2021"]
[White "Maly, Alexey"]
[Black "Koellner, Ruben Gideon"]
[WhiteFideId "14103184"]
[BlackFideId "12993093"]
[WhiteElo "2285"]
[BlackElo "2539"]
[Result "1-0"]
[Round "05"]
[TimeControl "180+1"]
[Date "2021.07.06"]
[WhiteClock "0:00:40"]
[BlackClock "0:00:01"]

1. d4 d6 2. c4 e5 3. Nc3 exd4 4. Qxd4 Nc6 5. Qd2 g6 6. b3 Bh6 7. e3 Bg7 8. Bb2 Nf6 9. g3 O-O 10. Bg2 Re8 11. Nh3 Bxh3 12. Bxh3 Ne4 13. Nxe4 Rxe4 14. Bg2 Re8 15. O-O Qe7 16. Bxg7 Kxg7 17. Rac1 Rad8 18. Rfd1 Qe5 19. b4 Rb8 20. c5 dxc5 21. Rxc5 Rbd8 22. Rxe5 Rxd2 23. Rxd2 Rxe5 24. Bxc6 bxc6 25. Rd7 a5 26. Rxc7 axb4 27. Rxc6 Rb5 28. Kg2 b3 29. axb3 Rxb3 30. Kf3 Rb5 31. h4 h5 32. Ra6 Rc5 33. e4 Rb5 34. Kf4 Rc5 35. f3 Rb5 36. Rc6 Ra5 37. Rc7 Kf6 38. Rc2 Kg7 39. Rb2 Rc5 40. Ra2 Rb5 41. Ra6 Rc5 42. Rd6 Ra5 43. Rd8 Rb5 44. Ke3 Rb3+ 45. Rd3 Rb5 46. Rc3 Ra5 47. Rb3 Ra4 48. Kf4 Ra5 49. g4 hxg4 50. fxg4 Ra1 51. e5 Ra4+ 52. Kg5 Ra5 53. Re3 Rb5 54. Kf4 Rb4+ 55. Re4 Rb6 56. g5 Ra6 57. e6 fxe6 58. Rb4 Ra7 59. Ke5 Re7 60. Rb6 Ra7 61. Kxe6 Rc7 62. Rd6 Rc4 63. Rd7+ Kg8 64. Kf6 Rxh4 65. Kxg6 Kf8 66. Rf7+ Kg8 67. Ra7 Kf8 68. Ra8+ Ke7 69. Kg7 1-0


[Site "https://www.chess.com"]

[Event "Titled Tuesday Blitz July 6 2021"]
[White "Mezentsev, Ivan"]
[Black "Guliev, Logman"]
[WhiteFideId "13706195"]
[BlackFideId "13400061"]
[WhiteElo "2295"]
[BlackElo "2128"]
[Result "1-0"]
[Round "05"]
[TimeControl "180+1"]
[Date "2021.07.06"]
[WhiteClock "0:01:07"]
[BlackClock "0:00:02"]

1. d4 d5 2. Nf3 e6 3. Bf4 Bd6 4. Bg3 Bxg3 5. hxg3 Ne7 6. e3 c5 7. c3 Nd7 8. Bd3 Nf6 9. dxc5 Qc7 10. b4 a5 11. a3 e5 12. Be2 Bf5 13. Nbd2 O-O 14. O-O b6 15. cxb6 Qxc3 16. bxa5 Rxa5 17. Rc1 Qb2 18. a4 e4 19. Rb1 Qa2 20. Nd4 Rxa4 21. N2b3 Rb4 22. Nc5 Qa5 23. Qd2 Rb5 24. Qxa5 Rxa5 25. Rfc1 Rb8 26. b7 g6 27. Na6 Rxa6 28. Bxa6 Bg4 29. Rc7 Kf8 30. Rxe7 1-0


[Site "https://www.chess.com"]

[Event "Titled Tuesday Blitz July 6 2021"]
[White "Molina, Roberto Junio Brito"]
[Black "Novikov, Evgenij"]
[WhiteFideId "2109450"]
[BlackFideId "4125380"]
[WhiteElo "2402"]
[BlackElo "2242"]
[Result "1-0"]
[Round "05"]
[TimeControl "180+1"]
[Date "2021.07.06"]
[WhiteClock "0:00:13"]
[BlackClock "0:00:03"]

1. d4 d5 2. c4 e6 3. Nc3 Nf6 4. cxd5 exd5 5. Bg5 c6 6. e3 Qb6 7. Qc2 Ne4 8. Bf4 Nxc3 9. bxc3 Qd8 10. Bd3 Bd6 11. Ne2 Bxf4 12. Nxf4 h6 13. c4 Qa5+ 14. Qd2 Qxd2+ 15. Kxd2 dxc4 16. Bxc4 O-O 17. f3 Nd7 18. Rac1 Nb6 19. Bb3 Bf5 20. e4 Bd7 21. Rhd1 Rad8 22. Ke3 Rfe8 23. Kf2 Kf8 24. h4 g6 25. d5 g5 26. hxg5 hxg5 27. Nh5 cxd5 28. Nf6 Re6 29. Nxd5 Ba4 30. Rh1 Kg7 31. Bxa4 Nxa4 32. Rc7 Rc6 33. Rxb7 Nc3 34. Ne3 Rd2+ 35. Kg3 Ne2+ 36. Kg4 Nf4 37. g3 Ng6 38. Kxg5 Rc5+ 39. Nf5+ Kg8 40. Rb8+ Nf8 41. Rxf8+ Kxf8 42. Rh8# 1-0


[Site "https://www.chess.com"]

[Event "Titled Tuesday Blitz July 6 2021"]
[White "Mons, Leon"]
[Black "Michailov, Matias"]
[WhiteFideId "4614950"]
[BlackFideId "3001571"]
[WhiteElo "2492"]
[BlackElo "2231"]
[Result "1-0"]
[Round "05"]
[TimeControl "180+1"]
[Date "2021.07.06"]
[WhiteClock "0:00:20"]
[BlackClock "0:00:09"]

1. a3 e5 2. c4 Nf6 3. Nc3 g6 4. Nf3 d6 5. d3 Bg7 6. g3 O-O 7. Bg2 Nc6 8. O-O h6 9. Rb1 Be6 10. b4 Qd7 11. e4 Bg4 12. Be3 Nh7 13. Qd2 Bxf3 14. Bxf3 Ng5 15. Bg2 Ne6 16. Bxh6 Ncd4 17. Bxg7 Kxg7 18. f4 f6 19. Nd1 c6 20. Ne3 Nc7 21. Rf2 a5 22. Rbf1 axb4 23. axb4 Ra3 24. h3 Qe7 25. fxe5 dxe5 26. Ng4 f5 27. Qh6+ Kg8 28. Qxg6+ Qg7 29. exf5 Rxd3 30. Kh2 Ne8 31. Be4 Qxg6 32. fxg6 Rxf2+ 33. Rxf2 Rc3 34. h4 Rxc4 35. Nh6+ Kg7 36. Rf7+ Kxh6 37. Rh7# 1-0


[Site "https://www.chess.com"]

[Event "Titled Tuesday Blitz July 6 2021"]
[White "Moon_stone123"]
[Black "Potapova, Margarita"]
[BlackFideId "14126869"]
[WhiteElo "2417"]
[BlackElo "2229"]
[Result "0-1"]
[Round "05"]
[TimeControl "180+1"]
[Date "2021.07.06"]
[WhiteClock "0:00:01"]
[BlackClock "0:00:11"]

1. Nf3 Nf6 2. g3 b6 3. Bg2 Bb7 4. O-O g6 5. d4 Bg7 6. c4 O-O 7. Nc3 Ne4 8. Qd3 Nxc3 9. bxc3 Nc6 10. Nd2 e5 11. d5 Na5 12. a4 d6 13. e4 Ba6 14. Ba3 f5 15. Bb4 Nb7 16. a5 Nc5 17. Qe2 f4 18. axb6 axb6 19. Bxc5 bxc5 20. Ra3 Bb7 21. Rfa1 Qe7 22. Rxa8 Rxa8 23. Rxa8+ Bxa8 24. Qg4 Bb7 25. Bh3 c6 26. Qe6+ Qxe6 27. Bxe6+ Kf8 28. Nb3 cxd5 29. cxd5 Ba6 30. Bg4 h5 31. Bf3 Bh6 32. g4 hxg4 33. Bxg4 Bg5 34. Kg2 Bd3 35. Bf3 Ke7 36. Na5 Kd7 37. Bg4+ Kc7 38. f3 Bh4 39. Nc6 Be1 40. Ne7 g5 41. Be6 Bxc3 42. Kh3 Be2 43. Kg4 Be1 44. h3 c4 45. Nc6 c3 46. Nb4 Bd1 47. Kxg5 Bxf3 48. h4 Bxe4 0-1


[Site "https://www.chess.com"]

[Event "Titled Tuesday Blitz July 6 2021"]
[White "Moroni, Luca Jr"]
[Black "Dubov, Daniil"]
[WhiteFideId "865834"]
[BlackFideId "24126055"]
[WhiteElo "2491"]
[BlackElo "2722"]
[Result "0-1"]
[Round "05"]
[TimeControl "180+1"]
[Date "2021.07.06"]
[WhiteClock "0:00:32"]
[BlackClock "0:00:07"]

1. d4 Nf6 2. c4 g6 3. Nc3 Bg7 4. e4 d6 5. Bd3 Nc6 6. Nge2 Nd7 7. Bc2 e5 8. d5 Ne7 9. O-O O-O 10. Be3 a5 11. Qd2 f5 12. f4 g5 13. fxe5 f4 14. exd6 cxd6 15. Bd4 Ne5 16. c5 N7g6 17. cxd6 Nh4 18. Nb5 f3 19. Qc3 fxg2 20. Rxf8+ Qxf8 21. Bxe5 Bxe5 22. Ned4 Bd7 23. Ne6 Bxe6 24. Qxe5 Nf3+ 25. Kxg2 Nxe5 26. dxe6 Qf3+ 27. Kg1 Qe3+ 28. Kh1 Qf3+ 29. Kg1 Ng4 30. Rf1 Qe2 31. Rf7 Qxh2+ 32. Kf1 Ne3+ 33. Ke1 Nxc2+ 34. Kd1 Ne3+ 35. Ke1 Qg3+ 36. Ke2 Nc4 37. d7 Qe3+ 38. Kf1 Nd2+ 39. Kg2 Qxe4+ 40. Kf2 Qxe6 0-1


[Site "https://www.chess.com"]

[Event "Titled Tuesday Blitz July 6 2021"]
[White "Nabaty, Tamir"]
[Black "Williams, Simon K"]
[WhiteFideId "2809052"]
[BlackFideId "404454"]
[WhiteElo "2627"]
[BlackElo "2468"]
[Result "1-0"]
[Round "05"]
[TimeControl "180+1"]
[Date "2021.07.06"]
[WhiteClock "0:02:29"]
[BlackClock "0:01:29"]

1. e4 e5 2. Nf3 Nc6 3. d4 exd4 4. Nxd4 Qh4 5. Nc3 Bb4 6. Be2 Nxd4 7. Qxd4 Bxc3+ 8. Qxc3 Nf6 9. Qe5+ Kf8 10. Bg5 d6 11. Qxf6 1-0


[Site "https://www.chess.com"]

[Event "Titled Tuesday Blitz July 6 2021"]
[White "Naroditsky, Daniel"]
[Black "Kalajzic, Ivan"]
[WhiteFideId "2026961"]
[BlackFideId "14506378"]
[WhiteElo "2608"]
[BlackElo "2163"]
[Result "1-0"]
[Round "05"]
[TimeControl "180+1"]
[Date "2021.07.06"]
[WhiteClock "0:01:42"]
[BlackClock "0:00:07"]

1. e4 Nc6 2. Nc3 d6 3. d4 g6 4. Bb5 a6 5. Bxc6+ bxc6 6. f4 Bg7 7. Nf3 Nf6 8. O-O O-O 9. e5 Nd5 10. Ne4 Bg4 11. h3 Bxf3 12. Qxf3 Qb8 13. c3 Qb7 14. h4 c5 15. c4 cxd4 16. cxd5 dxe5 17. d6 c6 18. fxe5 Bxe5 19. Nc5 Qa7 20. dxe7 Qxe7 21. Nd3 Bg7 22. Bg5 Qd7 23. Rae1 Rfe8 24. Nc5 Qd5 25. Qxd5 cxd5 26. Rxe8+ Rxe8 27. Bf6 Bxf6 28. Rxf6 Kg7 29. Rxa6 Re2 30. Rb6 Rc2 31. Nd3 Rd2 32. Rb3 Kf6 33. a4 Kf5 34. a5 Ke4 35. a6 Rd1+ 36. Kh2 Ra1 37. Ra3 1-0


[Site "https://www.chess.com"]

[Event "Titled Tuesday Blitz July 6 2021"]
[White "Navalgund, Niranjan"]
[Black "Matinian, Nikita"]
[WhiteFideId "5030854"]
[BlackFideId "24129100"]
[WhiteElo "2290"]
[BlackElo "2410"]
[Result "0-1"]
[Round "05"]
[TimeControl "180+1"]
[Date "2021.07.06"]
[WhiteClock "0:00:03"]
[BlackClock "0:00:25"]

1. d4 c5 2. dxc5 e5 3. Nd2 Nf6 4. Nb3 Na6 5. g3 Nxc5 6. Bg2 d5 7. Nf3 e4 8. Nfd4 Be7 9. O-O O-O 10. Bg5 Ne6 11. Be3 Ng4 12. Bc1 f5 13. h3 Ne5 14. Nxe6 Bxe6 15. Nd4 Qd7 16. Bf4 Ng6 17. e3 Rac8 18. c3 Nxf4 19. gxf4 Rf6 20. Kh2 Rh6 21. Rg1 Bf7 22. Qe2 Bh5 23. Qb5 Qxb5 24. Nxb5 a6 25. Nd4 Rf8 26. f3 Rb6 27. fxe4 dxe4 28. Rab1 Bh4 29. Rgf1 Rff6 30. c4 Rbd6 31. Rbc1 Rxd4 32. exd4 Be2 33. Rh1 Rg6 34. Rc3 Bf2 35. d5 e3 36. c5 Bg3+ 37. Kg1 Bxf4 38. c6 Bf3 39. Rc2 e2 40. Rxe2 Bxe2 41. Kf2 bxc6 42. dxc6 Bb5 43. Rd1 Bg3+ 44. Kg1 Bc7 45. Rd7 Rxg2+ 46. Kxg2 Bxc6+ 0-1


[Site "https://www.chess.com"]

[Event "Titled Tuesday Blitz July 6 2021"]
[White "Nguyen, Quoc Hy"]
[Black "Martinez Reyes, Pedro Ramon"]
[WhiteFideId "12410853"]
[BlackFideId "3901807"]
[WhiteElo "1975"]
[BlackElo "2398"]
[Result "1-0"]
[Round "05"]
[TimeControl "180+1"]
[Date "2021.07.06"]
[WhiteClock "0:00:14"]
[BlackClock "0:00:10"]

1. d4 Nf6 2. c4 d6 3. Nc3 Nbd7 4. e4 e5 5. Nf3 Be7 6. Bd3 O-O 7. O-O c6 8. h3 Qe8 9. Be3 Bd8 10. Re1 Ba5 11. Qc2 Qe7 12. a3 Re8 13. b4 Bc7 14. d5 Bb6 15. dxc6 Bxe3 16. cxd7 Bxf2+ 17. Qxf2 Bxd7 18. Rac1 Be6 19. Nd5 Bxd5 20. cxd5 Nh5 21. Nh4 Nf4 22. Bb5 Qg5 23. Kh2 Rec8 24. Rxc8+ Rxc8 25. Nf5 Rc3 26. Bf1 Qf6 27. Qxa7 h5 28. Qb8+ Kh7 29. Qxd6 Qg5 30. Qxe5 Rc2 31. Qxg7+ Qxg7 32. Nxg7 Kxg7 33. e5 Nxd5 34. e6 fxe6 35. Rxe6 Nf4 36. Re7+ Kf6 37. Rxb7 h4 38. b5 Rc1 39. Kg1 Rc2 40. b6 Nh5 41. Rb8 Ng3 42. Rf8+ Ke7 43. b7 Kxf8 44. b8=Q+ Ke7 45. Qe5+ Kd7 46. Bb5+ Kc8 47. Ba6+ Kd7 48. Qb5+ Ke7 49. Qb4+ Kd8 50. Qxh4+ Ke8 51. Qxg3 Rc1+ 52. Kh2 Rc6 53. Bb5 Kd8 54. Bxc6 Kc8 55. h4 Kd8 56. h5 Ke7 57. h6 Kf6 58. h7 Kf5 59. h8=Q Ke6 60. Qhe5+ Kf7 61. Qgg7# 1-0


[Site "https://www.chess.com"]

[Event "Titled Tuesday Blitz July 6 2021"]
[White "Noritsyn, Nikolay"]
[Black "Janaszak, Dawid"]
[WhiteFideId "2604922"]
[BlackFideId "1119206"]
[WhiteElo "2527"]
[BlackElo "2332"]
[Result "0-1"]
[Round "05"]
[TimeControl "180+1"]
[Date "2021.07.06"]
[WhiteClock "0:00:02"]
[BlackClock "0:00:07"]

1. d4 Nf6 2. c4 g6 3. Nc3 Bg7 4. g3 O-O 5. Bg2 d6 6. e3 Nc6 7. Nge2 Bd7 8. h3 e5 9. b3 Qc8 10. Bb2 Re8 11. g4 h5 12. g5 Nh7 13. Ne4 h4 14. dxe5 Nxe5 15. N2c3 Qd8 16. Qe2 a5 17. f4 Nc6 18. O-O-O Bf5 19. Qf2 a4 20. Nf6+ Nxf6 21. gxf6 Qxf6 22. e4 Be6 23. Rhf1 axb3 24. axb3 Na5 25. Qc2 Nc6 26. Kb1 Nd4 27. Nd5 Nxc2 28. Nxf6+ Bxf6 29. Bxf6 Ne3 30. Rd2 Nxg2 31. Rxg2 Ra3 32. Rf3 Bxc4 33. Rb2 Bb5 34. f5 Rxe4 35. fxg6 Re1+ 36. Kc2 fxg6 37. Bc3 Re2+ 38. Kc1 Ra1+ 39. Rb1 Rxb1+ 40. Kxb1 Bc6 41. Rf4 Re3 42. Kb2 Rg3 43. Rxh4 Rg2+ 44. Ka3 g5 45. Rh8+ Kf7 46. Rh7+ Ke6 47. Rxc7 Rg3 48. Kb4 Rxh3 49. Rg7 Rh4+ 50. Ka3 Kf5 51. Rf7+ Kg6 52. Rf6+ Kh5 53. Rxd6 Rh3 54. Kb4 g4 55. Bg7 Kg5 56. Bf6+ Kf4 57. Bd4 g3 58. Kc5 Rh5+ 59. Kc4 g2 60. Rg6 Kf3 61. Rg7 Rh1 62. b4 Rc1+ 63. Kd3 Rb1 64. Kc3 Ke2 65. Re7+ Kd1 66. Rg7 Rc1+ 67. Kb3 Rc2 68. Bc3 Re2 69. Kc4 Be4 70. b5 Bf3 71. Kb4 Re4+ 72. Kc5 Re2 73. Bd4 Rc2+ 74. Kd6 Rd2 75. Ke5 Re2+ 76. Kd6 Rd2 77. Kc5 Kc2 78. b6 Kb3 79. Rg5 Rc2+ 80. Kd6 Bc6 81. Bc5 Rd2+ 82. Kc7 Re2 83. Rg3+ Kc4 84. Bg1 Re1 85. Bh2 Rh1 86. Rg4+ Kd3 87. Rg3+ Ke2 88. Rg6 Rxh2 89. Rxc6 bxc6 90. b7 Rh7+ 0-1


[Site "https://www.chess.com"]

[Event "Titled Tuesday Blitz July 6 2021"]
[White "Obolentseva, Alexandra"]
[Black "Balaji, Aaravamudhan"]
[WhiteFideId "24153648"]
[BlackFideId "436224"]
[WhiteElo "2113"]
[BlackElo "2085"]
[Result "1-0"]
[Round "05"]
[TimeControl "180+1"]
[Date "2021.07.06"]
[WhiteClock "0:00:16"]
[BlackClock "0:00:01"]

1. d4 e5 2. dxe5 Nc6 3. Bf4 Qe7 4. c3 Nxe5 5. e3 Nf6 6. Be2 g6 7. Nf3 Nxf3+ 8. Bxf3 d5 9. O-O c6 10. Bg5 Bg7 11. e4 Kf8 12. exd5 cxd5 13. Bxd5 h6 14. Re1 Qd6 15. Bxf6 Bxf6 16. Qf3 Kg7 17. Nd2 Rd8 18. Ne4 Qb6 19. Rad1 h5 20. h3 Bf5 21. Nxf6 Qxf6 22. Bxb7 Rxd1 23. Rxd1 Rb8 24. b3 h4 25. Bd5 Rd8 26. c4 a5 27. Re1 Rd7 28. Qe3 Qd8 29. Qd4+ Kg8 30. Qe5 a4 31. bxa4 Ra7 32. Qe8+ Qxe8 33. Rxe8+ Kg7 34. Bc6 Bc2 35. Re3 Kf6 36. Rc3 Bd1 37. Bb5 Ke7 38. c5 Bh5 39. c6 Kd8 40. Rd3+ Kc7 41. Rd7+ Kb6 42. Rxa7 Kxa7 43. a5 g5 44. g3 Bg6 45. gxh4 gxh4 46. Kf1 Be4 47. a4 f6 48. a6 Bg6 49. Ke2 Bf5 50. Kf3 Bxh3 51. Kf4 Bc8 52. a5 Ka8 53. c7 Ka7 54. f3 Be6 55. Bc4 Bc8 56. Bf1 Bd7 57. Ke3 Bc8 58. f4 Bd7 59. Kf3 Bc8 60. f5 Bxf5 61. Kf4 Bc8 62. Bd3 Ka8 63. Bf5 h3 64. Bxc8 1-0


[Site "https://www.chess.com"]

[Event "Titled Tuesday Blitz July 6 2021"]
[White "Obregon, Andres Carlos"]
[Black "Mitrabha, Guha"]
[WhiteFideId "111724"]
[BlackFideId "5057000"]
[WhiteElo "2572"]
[BlackElo "2334"]
[Result "1-0"]
[Round "05"]
[TimeControl "180+1"]
[Date "2021.07.06"]
[WhiteClock "0:00:20"]
[BlackClock "0:00:02"]

1. d4 Nf6 2. Bf4 b6 3. Nf3 Bb7 4. e3 d6 5. h3 Nbd7 6. Bh2 g6 7. c4 Bg7 8. Nc3 Ne4 9. Be2 O-O 10. O-O c5 11. Rc1 Rc8 12. Nd5 Ndf6 13. Nxf6+ Bxf6 14. Bd3 cxd4 15. Nxd4 Nc5 16. Be2 a6 17. Rc2 Be4 18. Rd2 Qc7 19. Bf3 Qb7 20. b3 Bxd4 21. exd4 Bxf3 22. Qxf3 Qxf3 23. gxf3 Ne6 24. Re1 Rfe8 25. d5 Ng7 26. Bf4 Nf5 27. a4 b5 28. cxb5 axb5 29. a5 b4 30. Re4 Rc5 31. a6 Ra5 32. Rxb4 Rxa6 33. Kg2 Kg7 34. Be3 Rc8 35. Rb7 Ra1 36. Bd4+ f6 37. Bxa1 Rc1 38. Bd4 Nh4+ 39. Kg3 Rg1+ 40. Kf4 Re1 41. Be3 f5 42. Kg3 f4+ 43. Kxf4 Kf6 44. Ke4 Nf5 45. b4 1-0


[Site "https://www.chess.com"]

[Event "Titled Tuesday Blitz July 6 2021"]
[White "Pereira, Juliano Resende M"]
[Black "Korchmar, Vasiliy"]
[WhiteFideId "2109816"]
[BlackFideId "24131750"]
[WhiteElo "2439"]
[BlackElo "2370"]
[Result "1-0"]
[Round "05"]
[TimeControl "180+1"]
[Date "2021.07.06"]
[WhiteClock "0:00:08"]
[BlackClock "0:00:02"]

1. c4 c6 2. g3 d5 3. b3 Bg4 4. Bg2 e6 5. Bb2 Nf6 6. Nf3 Be7 7. O-O O-O 8. d3 a5 9. a3 Nbd7 10. Nbd2 Re8 11. Rc1 Qb6 12. Rc2 Nc5 13. Bd4 Nfd7 14. Qa1 f6 15. Rb1 e5 16. Bc3 d4 17. Bb2 Nxb3 18. Nxb3 Qxb3 19. Ne1 Qa4 20. Bc1 Nc5 21. Rcb2 Bd7 22. Qa2 Kh8 23. h4 Rab8 24. Bd2 b5 25. cxb5 cxb5 26. Bd5 Bf8 27. h5 h6 28. Nf3 Be6 29. Nh4 Kh7 30. Ng6 Bd6 31. Bxe6 Rxe6 32. Qd5 Kg8 33. Rc1 Kf7 34. Rxc5 Bxc5 35. Qxc5 b4 36. axb4 Qa1+ 37. Qc1 Qxc1+ 38. Bxc1 Rxb4 39. Rc2 Rb7 40. Ba3 a4 41. g4 Reb6 42. Kg2 Rb3 43. Bd6 a3 44. Rc8 Ke6 45. Bf8 Ra7 46. Bxa3 Rbxa3 47. Nf8+ Kd6 48. Ng6 Ra2 49. Kf3 Kd7 50. Rg8 Kd6 51. Nh4 Rc2 52. Nf5+ Kd5 53. Rd8+ Kc6 54. Rg8 Raa2 55. Ng3 Ra7 56. Rc8+ Rc7 57. Rg8 Rb7 58. Nf5 Rbb2 59. Ng3 Rb7 60. Rf8 Rc7 61. Rg8 Kd5 62. Nf5 Rb7 63. Rxg7 Rbb2 64. Ng3 Rc1 65. Rg6 Rb6 66. Rxh6 Re6 67. Ne4 Rc8 68. Rxf6 Rxf6+ 69. Nxf6+ Ke6 70. g5 Rf8 71. Kg4 Kf7 72. h6 Rh8 73. f4 e4 74. dxe4 d3 75. exd3 Rd8 76. e5 Rxd3 77. Kf5 1-0


[Site "https://www.chess.com"]

[Event "Titled Tuesday Blitz July 6 2021"]
[White "Pert, Richard G"]
[Black "Golubenko, Valentina"]
[WhiteFideId "404748"]
[BlackFideId "4501993"]
[WhiteElo "2441"]
[BlackElo "2164"]
[Result "1-0"]
[Round "05"]
[TimeControl "180+1"]
[Date "2021.07.06"]
[WhiteClock "0:01:21"]
[BlackClock "0:00:10"]

1. d4 g6 2. e4 Bg7 3. Nc3 c6 4. Nf3 d5 5. h3 dxe4 6. Nxe4 Bf5 7. Ng3 Bc8 8. Bc4 Nf6 9. O-O O-O 10. Re1 Nbd7 11. c3 Nb6 12. Bb3 a5 13. a4 Nbd5 14. Bg5 Qc7 15. Ne5 Be6 16. Nd3 b6 17. Rxe6 fxe6 18. Qe2 h6 19. Qxe6+ Kh7 20. Bd2 Rad8 21. Re1 Rd6 22. Qe2 c5 23. dxc5 bxc5 24. Ne5 Nd7 25. Nc4 Rdf6 26. Ne4 Nf4 27. Nxf6+ Rxf6 28. Bxf4 Qxf4 29. Ne3 e6 30. Ng4 Rf5 31. Bxe6 Ne5 32. Bxf5 1-0


[Site "https://www.chess.com"]

[Event "Titled Tuesday Blitz July 6 2021"]
[White "Pham, Le Thao Nguyen"]
[Black "Riazantsev, Alexander"]
[WhiteFideId "12401226"]
[BlackFideId "4125029"]
[WhiteElo "2286"]
[BlackElo "2497"]
[Result "1-0"]
[Round "05"]
[TimeControl "180+1"]
[Date "2021.07.06"]
[WhiteClock "0:00:05"]
[BlackClock "0:00:04"]

1. d4 Nf6 2. Nf3 e6 3. Bf4 b6 4. e3 Bb7 5. Nbd2 g6 6. h3 Bg7 7. Bd3 O-O 8. O-O d6 9. Qe2 a6 10. c3 Nbd7 11. e4 Nh5 12. Bg5 Qe8 13. e5 h6 14. Be3 dxe5 15. Nxe5 Nxe5 16. dxe5 Bxe5 17. Bxh6 Bg7 18. Bxg7 Nxg7 19. Be4 c6 20. g3 Rd8 21. Rad1 Qe7 22. h4 Qc7 23. Bf3 Nf5 24. h5 gxh5 25. Bxh5 c5 26. Bf3 Bxf3 27. Qxf3 Qe5 28. Ne4 Qg7 29. Qf4 Qh6 30. Qxh6 Nxh6 31. Nf6+ Kg7 32. Nd7 Rh8 33. Nxb6 Nf5 34. Nc4 Rd5 35. Nb6 Rdd8 36. Rxd8 Rxd8 37. Nc4 Kf6 38. Re1 Ne7 39. Kg2 Nc6 40. Re2 Rd5 41. Ne3 Rd3 42. Nc4 Kf5 43. Re3 Rd1 44. Rf3+ Kg6 45. Re3 Ra1 46. a3 Rd1 47. Ne5+ Nxe5 48. Rxe5 c4 49. Rc5 Rd2 50. Rxc4 Rxb2 51. Ra4 Rc2 52. Rxa6 Rxc3 53. Ra4 f5 54. f4 Kf6 55. Ra6 Rb3 56. Kh3 Rb2 57. a4 Ra2 58. a5 Ra1 59. Ra8 Rh1+ 60. Kg2 Ra1 61. a6 Kg7 62. Kh3 Rh1+ 63. Kg2 Ra1 64. a7 Kh7 65. Kf3 Kg7 66. Ke3 Ra4 67. Kd3 Ra3+ 68. Kd4 Ra5 69. Kc4 Ra1 70. Kc5 Ra2 71. Kd6 Ra6+ 72. Ke7 Kh7 73. Kf6 Ra4 74. Kxe6 Ra5 75. Kf6 Ra3 76. Kxf5 Ra5+ 77. Kg4 1-0


[Site "https://www.chess.com"]

[Event "Titled Tuesday Blitz July 6 2021"]
[White "Praveen, Kumar C"]
[Black "Oliveira, Silvio Eduardo"]
[WhiteFideId "5007372"]
[BlackFideId "2111560"]
[WhiteElo "2236"]
[BlackElo "2302"]
[Result "1-0"]
[Round "05"]
[TimeControl "180+1"]
[Date "2021.07.06"]
[WhiteClock "0:01:37"]
[BlackClock "0:00:19"]

1. d4 Nf6 2. c4 e6 3. Nc3 d5 4. cxd5 exd5 5. Bg5 c6 6. e3 h6 7. Bh4 Be7 8. Bd3 O-O 9. Qc2 Re8 10. Nge2 Nh5 11. Bg3 Nxg3 12. hxg3 Nd7 13. O-O-O b5 14. Nf4 a5 15. Kb1 a4 16. e4 dxe4 17. Nxe4 Qb6 18. Rhe1 Bb7 19. Nc5 Nxc5 20. dxc5 Bxc5 21. Bh7+ Kh8 22. Qf5 Rxe1 23. Rxe1 Bb4 24. Qxf7 Bxe1 25. Ne6 Qd4 26. Nxd4 Kxh7 27. Qxb7 Re8 28. Nf5 1-0


[Site "https://www.chess.com"]

[Event "Titled Tuesday Blitz July 6 2021"]
[White "Priasmoro, Novendra"]
[Black "Abdusattorov, Nodirbek"]
[WhiteFideId "7105029"]
[BlackFideId "14204118"]
[WhiteElo "2309"]
[BlackElo "2662"]
[Result "0-1"]
[Round "05"]
[TimeControl "180+1"]
[Date "2021.07.06"]
[WhiteClock "0:01:26"]
[BlackClock "0:02:25"]

1. e4 c5 2. Nf3 e6 3. d4 cxd4 4. Nxd4 Nf6 5. Nc3 Nc6 6. Nxc6 bxc6 7. e5 Nd5 8. Ne4 Qc7 9. f4 Qb6 10. c4 Bb4+ 11. Ke2 Ba6 12. Kf3 f5 13. Nd6+ Bxd6 14. exd6 Nf6 15. Be3 c5 16. Qd3 Bb7+ 17. Ke2 Qxb2+ 0-1


[Site "https://www.chess.com"]

[Event "Titled Tuesday Blitz July 6 2021"]
[White "Pridorozhni, Aleksei"]
[Black "Karttunen, Mika"]
[WhiteFideId "4127870"]
[BlackFideId "502081"]
[WhiteElo "2565"]
[BlackElo "2343"]
[Result "1-0"]
[Round "05"]
[TimeControl "180+1"]
[Date "2021.07.06"]
[WhiteClock "0:00:17"]
[BlackClock "0:00:12"]

1. e4 c5 2. Nc3 d6 3. f4 Nc6 4. Bb5 Bd7 5. Nf3 Nd4 6. Bc4 e6 7. Nxd4 cxd4 8. Ne2 Qb6 9. d3 g6 10. O-O Ne7 11. a4 a6 12. a5 Qa7 13. Kh1 Bg7 14. c3 dxc3 15. bxc3 O-O 16. Ba3 Qb8 17. e5 Nc8 18. d4 Re8 19. Bd3 Bc6 20. Ng3 Qc7 21. Bb4 Bf8 22. Qg4 Kh8 23. h4 d5 24. h5 Bb5 25. Bxb5 axb5 26. Rac1 Bxb4 27. cxb4 Qe7 28. Rc5 Na7 29. Rfc1 Nc6 30. Ne2 Kg7 31. Qh3 h6 32. g4 g5 33. f5 f6 34. fxe6 Qxe6 35. Ng3 fxe5 36. Nf5+ Kh8 37. Rxb5 exd4 38. Rxb7 Qe4+ 39. Qg2 d3 40. Rxc6 d2 41. Rxh6+ Kg8 42. Rg6+ Kf8 43. Rf6+ Kg8 44. Rg7+ Kh8 45. Rh6# 1-0


[Site "https://www.chess.com"]